Map: Lerilak Crest

Players

DogofWar

  • Race: Protoss Protoss
  • League: Diamond

LilDicky - Winner!

  • Race: Terran Terran
  • League: Diamond

VOD

http://www.twitch.tv/tumescentpie

Description

Time

  • Played on: Nov. 23, 2015, 12:30 p.m.
  • Length: 10:06
Show
View Real Time Build Order
Export as new Build Order

DogofWar Protoss 

Build Orders:  

Get SALT Encoding   

  12  0:01  Probe (Chrono Boost)  
  13  0:12  Probe (Chrono Boost)  
  14  0:18  Pylon  
  14  0:22  Probe (Chrono Boost)  
  15  0:36  Probe (Chrono Boost)  
  15  0:39  Gateway  
  16  0:44  Assimilator  
  16  0:47  Probe (Chrono Boost)  
  17  0:57  Assimilator  
  17  0:58  Probe (Chrono Boost)  
  18  1:09  Probe (Chrono Boost)  
  19  1:13  Pylon  
  19  1:19  Probe (Chrono Boost)  
  20  1:29  Cybernetics Core  
  20  1:30  Probe (Chrono Boost)  
  21  1:40  Probe (Chrono Boost)  
  22  1:51  Probe (Chrono Boost)  
  23  2:02  Nexus  
  23  2:09  Mothership Core (Chrono Boost)  
  23  2:13  Warp Gate  
  25  2:21  Stalker  
  27  2:27  Probe (Chrono Boost)  
  28  2:32  Pylon  
  28  2:38  Probe (Chrono Boost)  
  29  2:48  Probe (Chrono Boost)  
  30  2:52  Robotics Facility  
  30  2:59  Probe (Chrono Boost)  
  31  3:10  Probe (Chrono Boost)  
  32  3:20  Probe (Chrono Boost)  
  32  3:22  Gateway  
  32  3:23  Gateway  
  33  3:34  Pylon  
  33  3:42  Observer (Chrono Boost)  
  34  3:53  Probe  
  34  3:54  Probe  
  36  3:59  Robotics Bay  
  36  4:01  Twilight Council  
  36  4:04  Assimilator  
  36  4:05  Observer (Chrono Boost)  
  37  4:10  Probe x2  
  39  4:20  Pylon  
  39  4:21  Stalker x2  
  39  4:22  Probe  
  44  4:28  Probe  
  46  4:31  Observer (Chrono Boost)  
  46  4:36  Probe  
  47  4:41  Assimilator  
  47  4:42  Probe, Blink  
  48  4:48  Probe  
  48  4:52  Forge  
  49  4:53  Probe  
  49  4:56  Stalker  
  52  5:00  Probe  
  52  5:03  Probe  
  54  5:13  Pylon  
  55  5:14  Pylon  
  55  5:19  Disruptor (Chrono Boost)  
  57  5:26  Gateway  
  57  5:35  Stalker  
  57  5:39  Stalker  
  57  5:40  Stalker  
  42  5:51  Mothership Core  
  35  6:00  Stalker  
  35  6:03  Stalker x2  
  31  6:24  Stalker  
  30  6:38  Stalker x2  
  27  6:59  Stalker  
  22  7:12  Stalker  
  24  7:28  Stalker  
  26  7:48  Zealot  
  28  7:56  Probe (Chrono Boost)  
  29  8:07  Probe (Chrono Boost)  
  24  8:22  Stalker  
  22  8:37  Stalker  
  18  8:56  Stalker  
  13  9:13  Zealot  
  11  9:40  Probe (Chrono Boost)  
  12  9:50  Probe (Chrono Boost)  
Show
View Real Time Build Order
Export as new Build Order

LilDicky Terran - Winner!

Build Orders: MMM Bio 

Get SALT Encoding   

  12  0:02  SCV  
  13  0:14  SCV  
  14  0:17  Supply Depot  
  14  0:26  SCV  
  15  0:28  Refinery  
  15  0:39  SCV  
  16  0:46  Barracks  
  16  0:51  SCV  
  17  1:03  SCV  
  18  1:15  SCV  
  19  1:32  Supply Depot  
  19  1:37  Orbital Command  
  19  1:38  Marine  
  20  1:41  Factory  
  20  1:56  Marine  
  21  2:03  SCV  
  22  2:12  Barracks  
  22  2:13  Barracks  
  22  2:16  Refinery  
  22  2:18  SCV  
  23  2:30  Barracks Reactor, SCV  
  23  2:36  Supply Depot  
  24  2:40  Widow Mine  
  24  2:42  SCV  
  27  2:54  SCV  
  28  3:01  Barracks Tech Lab x2  
  27  3:06  SCV  
  27  3:08  Widow Mine  
  30  3:14  Supply Depot  
  30  3:18  SCV  
  30  3:19  Stimpack  
  29  3:24  Marine  
  29  3:25  Combat Shields, Marine x2  
  32  3:27  Marine  
  33  3:50  SCV  
  33  3:51  Marine  
  33  3:52  Marine  
  33  3:53  Marauder x2  
  38  3:58  Supply Depot  
  39  4:02  SCV  
  39  4:09  Marine  
  40  4:12  Starport  
  40  4:14  Marine  
  40  4:15  SCV, Marine, Marauder  
  45  4:22  Supply Depot  
  45  4:27  Marine  
  46  4:32  Marine  
  46  4:33  SCV, Marauder  
  46  4:36  Marauder  
  52  4:45  Marine  
  53  4:46  SCV  
  53  4:49  Supply Depot  
  53  4:50  Medivac  
  56  5:09  Marine x2  
  56  5:10  Marauder x2  
  62  5:22  Medivac  
  62  5:27  Marine x2  
  66  5:31  Marauder  
  57  5:49  Widow Mine  
  54  6:00  Marine x2  
  54  6:01  Marauder  
  54  6:03  Marine  
  46  6:24  Marine x2  
  46  6:25  Marauder x2  
  46  6:42  Marine x2  
  46  6:44  SCV  
  46  6:46  Marauder, Marine  
  50  6:56  SCV  
  50  7:00  Marine  
  47  7:04  Marauder  
  47  7:08  Marauder  
  47  7:11  Marine  
  47  7:12  Medivac  
  50  7:18  Marine  
  51  7:26  Marauder  
  51  7:29  Command Center, Marauder, Marine  
  56  7:30  SCV  
  56  7:35  Marine  
  58  7:41  Concussive Shells  
  58  7:44  Medivac  
  60  7:46  SCV  
  61  7:56  Marauder, Marine x2  
  61  7:57  Marauder  
  67  8:02  SCV  
  53  8:40  Marine x3  
  58  8:41  Marauder  
  54  8:58  Marine x2  
  54  8:59  Marauder  
  58  9:02  Marauder  
  55  9:16  Marine x2, Orbital Command  
  55  9:21  Orbital Command  
  50  9:37  Marine x2  
  50  9:38  Marauder x2  
  56  9:41  SCV  
  57  9:47  Refinery  
  57  9:51  Refinery  
  57  9:52  SCV  
Tags
 
Add a new tag
Caveats
  • Supply blocks, unpowered buildings, or Contaminate may cause inaccurate times.
  • Supply counts are checked every 10 seconds.